 Dungeon Crawl Stone Soup version 0.31-a0-217-g58bb5d79cf (webtiles) character file.

Game seed: 12057526192766446783

334 qw the Chopper (level 6, -1/39 HPs)
             Began as a Gargoyle Fighter on July 2, 2023.
             Killed by nerve-wracking pain
             ... invoked by an orc priest
              (6 damage)
             ... on level 4 of the Dungeon.
             The game lasted 00:01:23 (3180 turns).

qw the Chopper (Gargoyle Fighter)                   Turns: 3180, Time: 00:01:23

Health: -1/39      AC: 15    Str: 21    XL:     6   Next: 53%
Magic:  6/6        EV:  9    Int:  9    God:
Gold:   133        SH:  4    Dex:  9    Spells: 5/5 levels left

rFire   . . .        Y - +2 hand axe (flame)
rCold   . . .        c - +0 buckler
rNeg    + . .        b - +0 scale mail
rPois   inf          m - +0 helmet
rElec   +            (no cloak)
rCorr   .            (no gloves)
SInv    .            j - +2 pair of boots {rampage}
Will    .....        (no amulet) Stlth
                     (no ring)
HPRegen 0.26/turn    (no ring)
MPRegen 0.10/turn

%: rampage
@: no status effects
A: sickness immunity, AC +4, negative energy resistance 1, electricity
resistance, torment resistance 1, petrification resistance
a: no special abilities


You were on level 4 of the Dungeon.
You visited 1 branch of the dungeon, and saw 4 of its levels.

You collected 169 gold pieces.
You spent 36 gold pieces at shops.


Innate Abilities, Weirdness & Mutations

You are immune to sickness and miasma.
Your stone body is resilient. (AC +4)
You are immune to poison.
You resist negative energy. (rN+)
You are resistant to electric shocks. (rElec)
You are resistant to unholy torment.
You are immune to petrification.


   Skills:
 - Level 4.7 Fighting
 + Level 5.1 Axes
 - Level 3.2 Armour
 - Level 1.1 Dodging
 - Level 3.2 Shields


You had 5 spell levels left.
You didn't know any spells.
Your spell library was empty.

Inventory:

Hand Weapons
 g - a +1 war axe
 Y - a +2 hand axe of flaming (weapon)
Armour
 b - a +0 scale mail (worn)
 c - a +0 buckler (worn)
 i - a +1 leather armour of cold resistance
 j - a +2 pair of boots of rampaging (worn)
 m - a +0 helmet (worn)
 n - a +0 chain mail
Jewellery
 l - a ring of fire
Scrolls
 k - a scroll of identify
 p - a scroll of blinking {unknown}
Potions
 a - a potion of lignification {unknown}
 d - a potion of might
 e - a potion of cancellation {unknown}
 f - a potion of curing {unknown}
 h - 2 potions of attraction {unknown}
 o - a potion of heal wounds {unknown}

Dungeon Overview and Level Annotations

Branches:
Dungeon (4/15)
 Temple: D:4-7

Altars:

Shops:
D:1 (   D:3 (


Message History

Beogh smites you! The orc wizard closely misses you.
The orc wizard gestures at you while chanting.
You resist with some effort.
The orc priest invokes the aid of Beogh against you.
Beogh smites you! The orc wizard completely misses you.
The orc priest closely misses you. The orc wizard casts a spell at you.
The puff of flame hits you but does no damage.
The orc priest barely misses you. The orc wizard barely misses you.
The orc wizard casts a spell at you.
The puff of flame hits you but does no damage.
The orc wizard closely misses you.
The orc wizard hits you with a +0 dagger.
The orc priest hits you but does no damage.
The orc wizard hits you with a +0 dagger.
The orc wizard barely misses you.
You feel less confused.
The orc wizard hits you but does no damage.
The orc priest hits you but does no damage.
The orc wizard hits you with a +0 dagger.
You hit the orc priest. You burn the orc priest.
The orc priest is moderately wounded.
You closely miss the orc wizard. You hit the orc wizard.
You burn the orc wizard.
The orc wizard hits you but does no damage. x2
You slash the orc priest! You burn the orc priest.
You kill the orc priest!
You hit the orc wizard. You burn the orc wizard.
You barely miss the orc wizard.
The orc wizard hits you but does no damage.
The orc priest mumbles some strange prayers to Beogh against you.
Pain shoots through your body! The orc wizard closely misses you.
The orc wizard misses you.
The orc wizard hits you but does no damage.
You hit the orc wizard. You burn the orc wizard.
The orc wizard is heavily wounded.
You hit the orc priest. You burn the orc priest.
You barely miss the orc wizard.
The orc priest calls down the wrath of Beogh upon you.
Pain shoots through your body!
You die...

#....####...###.#..##.##.##.#
#......##.....#.#..##.##.##.#
#......##...#.#.#..##.##.##.#
#......######.#.#..##.##.##.#
#......## #.#.#..#..##.##.#
####....# #######..###.##.#
####.## #..$##....#.##.#
#..####o8$8.####.#.##.#
##.##.@o.$._# #.#.##..
#....#o8.8$# #.#.####
######..##S$$## #.#.....
..........##### #(#####.
#########^...######.# ###.
.........>..........###...
########.##########.......
#.# #............. #.#
#.#####.......


You could see an orc priest, 2 orc wizards and a ball python.

Vanquished Creatures
  Duvessa (D:4)
  Dowan (D:4)
  An orc priest (D:4)
  Jessica (D:3)
  6 adders
  A shadow imp (D:3)
  2 worms
  2 dart slugs
  3 orcs
  7 ball pythons
  6 endoplasms
  3 giant cockroaches
  3 goblins
  2 hobgoblins
  4 jackals (D:1)
  3 quokkas
  6 bats
  7 frilled lizards
  3 kobolds
  2 rats (D:3)
64 creatures vanquished.

Notes
Turn   | Place    | Note
-------+----------+-------------------------------------------
     0 | D:1      | qw the Gargoyle Fighter began the quest for the Orb.
     0 | D:1      | Reached XP level 1. HP: 14/14 MP: 1/1
     0 | D:1      | 0 ||| qw: Version: 0.3-a-40-ge99b1a8
     0 | D:1      | 0 ||| qw: Game counter: 100
     0 | D:1      | 0 ||| qw: Melee chars always use a shield: true
     0 | D:1      | 0 ||| qw: God list: Okawaru
     0 | D:1      | 0 ||| qw: Allow faded altars: false
     0 | D:1      | 0 ||| qw: Do Orc after clearing Dungeon:15 true
     0 | D:1      | 0 ||| qw: Do second Lair branch before Depths: true
     0 | D:1      | 0 ||| qw: Lair rune preference: random
     0 | D:1      | 0 ||| qw: Goals: Normal, Zot:1-4, Slime:5, God:TSO, Crypt,
                  | Tomb, Abyss, Pan, Hells, Win
     0 | D:1      | 0 ||| PLANNING D:1-11
    57 | D:1      | Reached skill level 2 in Axes
   148 | D:1      | Reached XP level 2. HP: 16/19 MP: 2/2
   293 | D:1      | 293 ||| Stepping ~*~*~tactically~*~*~ (hiding).
   411 | D:1      | 411 ||| DROPPING +0 club.
   640 | D:1      | Found Moiss's Weapon Shoppe.
   661 | D:1      | 661 ||| BUYING +0 mace (36 gold).
   661 | D:1      | Bought a +0 mace for 36 gold pieces
   661 | D:1      | 661 ||| DROPPING +0 whip.
   884 | D:1      | 884 ||| READING scroll labelled FATAGA VUUDD.
   885 | D:1      | 885 ||| READING scroll labelled TOCOBU TILENN.
   886 | D:1      | 886 ||| READING scroll labelled ZERIASMAECAW.
   916 | D:2      | Reached skill level 3 in Axes
   946 | D:2      | Reached XP level 3. HP: 23/23 MP: 3/3
  1293 | D:2      | 1293 ||| Stepping ~*~*~tactically~*~*~ (stealth).
  1300 | D:2      | Reached XP level 4. HP: 28/28 MP: 4/4
  1639 | D:2      | 1639 ||| Stepping ~*~*~tactically~*~*~ (stealth).
  1883 | D:3      | Reached skill level 4 in Axes
  1911 | D:3      | 1911 ||| Stepping ~*~*~tactically~*~*~ (stealth).
  1913 | D:3      | 1913 ||| Stepping ~*~*~tactically~*~*~ (stealth).
  2086 | D:3      | Found a faded altar of an unknown god.
  2195 | D:3      | 2195 ||| SWAPPING to +2 hand axe of flaming.
  2196 | D:3      | 2196 ||| DROPPING +0 mace.
  2267 | D:3      | Noticed Jessica
  2268 | D:3      | 2268 ||| Stepping ~*~*~tactically~*~*~ (hiding).
  2269 | D:3      | 2269 ||| Stepping ~*~*~tactically~*~*~ (hiding).
  2281 | D:3      | Killed Jessica
  2282 | D:3      | Reached XP level 5. HP: 32/32 MP: 5/5
  2345 | D:3      | 2345 ||| Stepping ~*~*~tactically~*~*~ (stealth).
  2376 | D:3      | Found Oloapluu's Antique Weapon Boutique.
  2417 | D:3      | 2417 ||| Stepping ~*~*~tactically~*~*~ (hiding).
  2625 | D:3      | 2625 ||| UPGRADING to +0 helmet.
  2630 | D:3      | 2630 ||| READING scroll labelled IROYCKYTSY.
  2631 | D:3      | 2631 ||| READING scroll labelled LEKITA NUHUAR.
  2632 | D:3      | 2632 ||| READING scroll labelled LALLOU USIJI.
  2633 | D:3      | 2633 ||| READING scroll labelled SEEPHUYFUG.
  2633 | D:3      | Identified a scroll of acquirement
  2633 | D:3      | 2633 ||| ACQUIRING +2 pair of boots of rampaging
  2633 | D:3      | Acquired a +2 pair of boots of rampaging
  2635 | D:3      | 2635 ||| UPGRADING to +2 pair of boots of rampaging.
  2937 | D:4      | Reached skill level 5 in Axes
  2967 | D:4      | Noticed Duvessa
  2968 | D:4      | Noticed Dowan
  2969 | D:4      | 2969 ||| Stepping ~*~*~tactically~*~*~ (stealth).
  2970 | D:4      | 2970 ||| Stepping ~*~*~tactically~*~*~ (stealth).
  2972 | D:4      | 2972 ||| Stepping ~*~*~tactically~*~*~ (hiding).
  2984 | D:4      | Killed Duvessa
  2985 | D:4      | Reached XP level 6. HP: 20/39 MP: 6/6
  2988 | D:4      | Killed Dowan
  2989 | D:4      | Reached skill level 1 in Dodging
  3179 | D:4      | HP: 5/39 [orc priest/nerve-wracking pain (6)]
  3180 | D:4      | Killed from afar by an orc priest

Levels and vault maps discovered:
D:1:      denvon_arrival_waterhouse, layout_loops_ring, serial_shops,
          shop_statue
D:2:      layout_loops_corners, kennysheep_nondescript
D:3:      layout_basic, serial_shops, nicolae_shop_tiny_real_fake_doors,
          shapermc_ecumenical_altar_mp_urbaneastern, uniq_jessica
D:4:      layout_basic, kennysheep_orc_chapel, uniq_duvessa

Skill      XL: |  1  2  3  4  5  6 |
---------------+-------------------+-----
Axes           | 2 3 4 5 |  5.1
Fighting       | 4 |  4.7
Dodging        | 1 |  1.1
Armour         | |  3.2
Shields        | |  3.2

Action                     |  1- 3 |  4- 6 || total
---------------------------+-------+-------++-------
  Melee: War axe           |    96 |    55 ||   151
         Hand axe          |       |    61 ||    61
    Use: Scroll            |     3 |     4 ||     7
 Armour: Scale mail        |    38 |    57 ||    95
  Dodge: Dodged            |    43 |    52 ||    95
  Block: Buckler           |    10 |    23 ||    33

Table legend:
 A = Non-vault XP
 B = Vault XP
 C = Vault XP percentage of total XP
 D = Non-vault monster count
 E = Vault monster count
 F = Vault count percentage of total count
                 A         B        C        D         E       F
            +---------+---------+-------+---------+---------+-------
      Total |     192 |     286 |  59.8 |      60 |       4 |   6.2
            +---------+---------+-------+---------+---------+-------
        D:1 |      29 |       0 |   0.0 |      15 |       0 |   0.0
        D:2 |      67 |       0 |   0.0 |      19 |       0 |   0.0
        D:3 |      65 |      37 |  36.3 |      22 |       1 |   4.3
        D:4 |      31 |     249 |  88.9 |       4 |       3 |  42.9
            +---------+---------+-------+---------+---------+-------
